 Dungeon Crawl Stone Soup version 0.17-a0-2073-gde5cdba (webtiles) character file.

2980 Kidiri the Magician (level 9, -8/74 HPs)
             Began as a Green Draconian Conjurer on Oct 14, 2015.
             Was a Believer of Vehumet.
             Mangled by an orc knight
             ... wielding a +0 halberd
              (9 damage)
             ... in a bailey.
             The game lasted 00:43:36 (11116 turns).

Kidiri the Magician (Green Draconian Conjurer)     Turns: 11116, Time: 00:43:36

Health: -8/74      AC:  7    Str: 11    XL:     9   Next: 53%
Magic:  21/28      EV: 14    Int: 20    God:    Vehumet [**....]
Gold:   900        SH:  0    Dex: 12    Spells: 7 memorised, 2 levels left

rFire  . . .     SeeInvis +     c - +2 dagger
rCold  . . .     Clarity  .     (armour unavailable)
rNeg   . . .     SustAt   .     (no shield)
rPois  +         Gourm    .     (helmet restricted)
rElec  .         Spirit   .     (no cloak)
rCorr  .         Warding  .     (no gloves)
rMut   .         Stasis   .     (no boots)
MR     .....                    b - amulet of faith
Stlth  ++........               (no ring)
                                e - ring of magical power

@: very slightly contaminated, not resistant to hostile enchantments, unstealthy
A: breathe noxious fumes, unfitting armour, see invisible, clever 1, poison
resistance, regeneration 1, cold-blooded, AC +7
a: Breathe Noxious Fumes, Renounce Religion


You were in a bailey.
You worshipped Vehumet.
Vehumet was pleased with you.
You were hungry.

You visited 2 branches of the dungeon, and saw 9 of its levels.
You also visited: Bailey.

You collected 900 gold pieces.

Inventory:

Hand Weapons
 c - a +2 dagger (weapon)
Jewellery
 b - an amulet of faith (around neck)
 e - a ring of magical power (left hand)
Wands
 q - a wand of frost (23)
Scrolls
 g - a scroll of fear {unknown}
 k - a scroll of blinking
 m - 2 scrolls of enchant armour
 o - 2 scrolls of amnesia
 p - a scroll of magic mapping
 v - 5 scrolls of teleportation
 y - 5 scrolls of remove curse
Potions
 d - a potion of ambrosia
 j - a potion of brilliance
 r - a potion of agility
Books
 a - a book of Conjurations

   Spells                             Type                      Level
   a - Magic Dart                     Conjuration                  1
   b - Searing Ray                    Conjuration                  2
   c - Dazzling Spray                 Conjuration/Hexes            3
   d - Fulminant Prism                Conjuration/Hexes            4
   e - Iskenderun's Mystic Blast      Conjuration                  4
   f - Iskenderun's Battlesphere      Conjuration/Charms           5
Comestibles
 h - a chunk of flesh
 i - 2 royal jellies
 l - 3 fruits
 s - 8 bread rations


   Skills:
 + Level 5.3 Fighting
 + Level 5.3 Dodging
 - Level 1.7 Stealth
 * Level 7.0 Spellcasting
 + Level 6.9 Conjurations
 + Level 4.2 Hexes
 + Level 2.0 Charms
 + Level 1.8 Fire Magic


You had 2 spell levels left.
You knew the following spells:

 Your Spells              Type           Power        Failure   Level  Hunger
a - Magic Dart            Conj           ####         1%          1    None
b - Searing Ray           Conj           ####..       1%          2    None
c - Dazzling Spray        Conj/Hex       ####....     3%          3    #......
d - Iskenderun's Mystic   Conj           ####....     8%          4    ###....
e - Fulminant Prism       Conj/Hex       ####......   12%         4    ###....
f - Iskenderun's Battles  Conj/Chrm      ###.....     45%         5    #####..
g - Flame Tongue          Conj/Fire      ###..        1%          1    None


Dungeon Overview and Level Annotations

Branches:
Dungeon (8/15)             Temple (1/1) D:4
   Lair: D:8-11

Altars:
Ashenzari
Cheibriados
Dithmenos
Elyvilon
Fedhas
Gozag
Kikubaaqudgha
Makhleb
Nemelex Xobeh
Okawaru
Qazlal
Ru
Sif Muna
Trog
Vehumet
Xom
Yredelemnul
Zin
The Shining One

Shops:
D:5 *


Innate Abilities, Weirdness & Mutations

You can breathe blasts of noxious fumes.
Your lurid green scales are hard (AC +7).
Your body does not fit into most forms of armour.
Your system is resistant to poisons.
You are cold-blooded and may be slowed by cold attacks.
You have supernaturally acute eyesight.
Your mind is acute. (Int +2)
Your natural rate of healing is unusually fast.


Message History

* * * LOW HITPOINT WARNING * * *
Drink which item? (? for menu, Esc to quit)
Okay, then.
Read which item? (? for menu, Esc to quit)
Enchant which weapon? (? for menu, Esc to quit)
As you read the scroll of enchant weapon, it crumbles to dust.
Your +1 dagger glows red for a moment.
Drink which item? (? for menu, Esc to quit)
Magic courses through your body. The orc knight closely misses you.
The orc knight hits you from afar with a halberd!!
* * * LOW HITPOINT WARNING * * *
Casting: Dazzling Spray
Confirm with . or Enter, or press ? or * to list all spells.
Aiming: Dazzling Spray
Press: ? - help, Shift-Dir - straight line, f/p - orc knight
Aim: an orc knight, wielding a halberd and wearing a chain mail (moderately wounded)
The spray of energy hits the orc knight.
The orc knight is moderately wounded.
The orc knight hits you from afar with a halberd!
You die...

### ###
##.###########∩####
#...##.....##.∩.##.
#}..#..≈≈≈..#...#..
#...#.≈≈.≈≈.......≈
#.@[o.≈.))≈.(...(.≈
#...#.≈≈.≈≈o......≈
#...#..≈≈≈..#...#..
#...##.....##...##.
##.###########∩####
### ###


You could see an orc knight.

Vanquished Creatures
  A water moccasin (D:8)
  An ice beast (D:6)
  9 orc warriors
  A black bear (D:8)
  2 phantoms
  2 ogres (D:7)
  3 centaurs
  Blork the orc (D:5)
  4 giant frogs
  3 scorpions
  A centaur zombie (D:8)
  A giant frog skeleton (D:5)
  3 crimson imps
  Ijyb (D:4)
  3 iguanas
  3 orc wizards (D:7)
  4 worker ants
  A hound skeleton (D:4)
  Robin (D:3)
  8 adders
  11 gnolls
  3 oozes
  2 adder skeletons
  A worm (D:3)
  8 giant geckos
  17 orcs
  8 bats
  5 giant cockroaches
  6 hobgoblins
  8 jackals
  4 ball pythons
  A ball python skeleton (D:5)
  A ball python zombie (D:5)
  6 giant newts
  21 goblins
  2 jackal skeletons
  7 kobolds
  A quokka (D:4)
  7 rats
172 creatures vanquished.

Notes
Turn   | Place    | Note
--------------------------------------------------------------
     0 | D:1      | Kidiri the Draconian Conjurer began the quest for the Orb.
     0 | D:1      | Reached XP level 1. HP: 14/14 MP: 3/3
   455 | D:1      | Reached XP level 2. HP: 20/20 MP: 3/5
   459 | D:1      | Learned a level 2 spell: Searing Ray
   894 | D:1      | Reached skill level 1 in Fighting
  1318 | D:2      | Reached XP level 3. HP: 21/28 MP: 0/6
  1379 | D:2      | Learned a level 3 spell: Dazzling Spray
  1691 | D:2      | Found a sparkling altar of Nemelex Xobeh.
  1906 | D:2      | Reached XP level 4. HP: 35/35 MP: 3/8
  2813 | D:3      | Reached skill level 1 in Hexes
  2813 | D:3      | Reached XP level 5. HP: 34/41 MP: 1/9
  2891 | D:3      | Learned a level 4 spell: Iskenderun's Mystic Blast
  3095 | D:3      | Noticed a centaur
  3115 | D:3      | Killed a centaur
  3421 | D:3      | Noticed Robin
  3433 | D:3      | Gained mutation: Your mind is acute. (Int +2) [potion of mutation]
  3433 | D:3      | Gained mutation: You have supernaturally acute eyesight. [potion of mutation]
  3434 | D:3      | Gained mutation: You are clumsy. (Dex -2) [potion of mutation]
  3434 | D:3      | Gained mutation: Your spells are a little harder to cast, but a little more powerful. [potion of mutation]
  3434 | D:3      | Gained mutation: Your natural rate of healing is unusually fast. [potion of mutation]
  3436 | D:3      | Killed Robin
  3706 | D:3      | Lost mutation: You are clumsy. (Dex -2) [potion of mutation]
  3706 | D:3      | Lost mutation: Your spells are a little harder to cast, but a little more powerful. [potion of mutation]
  3752 | D:3      | Reached XP level 6. HP: 48/48 MP: 5/11
  4138 | D:4      | Noticed Ijyb
  4189 | D:4      | Killed Ijyb
  4190 | D:4      | Reached skill level 5 in Conjurations
  4492 | D:4      | Found a staircase to the Ecumenical Temple.
  4501 | Temple   | Entered the Ecumenical Temple
  4873 | D:4      | Found a white marble altar of Elyvilon.
  4898 | D:4      | Found a blossoming altar of Fedhas.
  4899 | D:4      | Found a deep blue altar of Sif Muna.
  4912 | D:4      | Found a shadowy altar of Dithmenos.
  4915 | D:4      | Found a glowing golden altar of the Shining One.
  5367 | D:4      | Your scales start taking on a lurid green colour.
  5367 | D:4      | Gained mutation: Your system is resistant to poisons. [Green Draconian growth]
  5367 | D:4      | Reached XP level 7. HP: 32/56 MP: 1/13
  5472 | D:4      | Learned a level 4 spell: Fulminant Prism
  6030 | D:5      | Entered Level 5 of the Dungeon
  6472 | D:5      | Found Fowk's General Store.
  6573 | D:5      | Noticed Blork the orc
  6588 | D:5      | Killed Blork the orc
  7533 | D:6      | Found a basalt altar of Yredelemnul.
  7732 | D:6      | Found a radiant altar of Vehumet.
  7732 | D:6      | Found a burning altar of Makhleb.
  7741 | D:6      | Became a worshipper of Vehumet
  8025 | D:6      | Reached skill level 5 in Spellcasting
  8187 | D:6      | Reached XP level 8. HP: 63/66 MP: 9/15
  8412 | D:6      | Reached skill level 6 in Conjurations
  8474 | D:6      | Found a shadowy altar of Dithmenos.
  9930 | D:7      | Learned a level 5 spell: Iskenderun's Battlesphere
  9973 | D:7      | Reached * piety under Vehumet
  9973 | D:7      | Offered knowledge of Flame Tongue by Vehumet.
 10419 | D:7      | Reached XP level 9. HP: 66/73 MP: 18/18
 10422 | D:7      | Learned a level 1 spell: Flame Tongue
 10562 | D:8      | Reached skill level 5 in Dodging
 10644 | D:8      | Reached skill level 1 in Charms
 10644 | D:8      | Reached skill level 1 in Fire Magic
 10663 | D:8      | Found a flagged portal.
 10673 | D:8      | Reached skill level 5 in Fighting
 10683 | Bailey   | Entered a bailey
 11031 | Bailey   | Reached ** piety under Vehumet
 11031 | Bailey   | Reached skill level 7 in Spellcasting
 11080 | Bailey   | Noticed an orc knight
 11084 | Bailey   | Offered knowledge of Sandblast by Vehumet.
 11115 | Bailey   | HP: 1/74 [orc knight/halberd (18)]
 11116 | Bailey   | Mangled by an orc knight

Vault maps used:
D:1:      scummos_arrival_simple_fountains
D:2:      nemelex_xobeh_ov_fountains_minmay
D:3:      minmay_misc_feat_diagonals, uniq_robin
D:4:      kennysheep_goblin_castle, minmay_overflow_temple_star_hex,
          minmay_temple_entry_enclosed_plants, first_bread
D:5:      serial_shops, nicolae_shop_crystal, minmay_misc_feat_encased,
          minmay_misc_feat_iff, uniq_blork_the_orc
D:6:      grunt_temple_overflow_lords_of_destruction, yredelemnul_altar_generic,
          grunt_dithmenos_shadows
D:8:      nicolae_ossuary_entry_ruins, enter_bailey_7, uniq_prince_ribbit1
Temple:   roderic_octagonal_lattice_temple
Bailey:   bailey_polearm_4, bailey

Action                   |  1- 3 |  4- 6 |  7- 9 || total
-------------------------+-------+-------+-------++-------
Melee: Unarmed           |    24 |       |       ||    24
       Dagger            |    14 |    62 |   148 ||   224
 Cast: Magic Dart        |    69 |   160 |   133 ||   362
       Dazzling Spray    |       |     6 |    52 ||    58
       Searing Ray       |       |     6 |    21 ||    27
       Iskenderun's Myst |       |     1 |       ||     1
  Use: Potion            |       |     9 |     5 ||    14
       Scroll            |       |     4 |    13 ||    17
 Stab: Invisible         |       |     1 |    10 ||    11
       Sleeping          |       |       |     1 ||     1
  Eat: Chunk             |     1 |     3 |     6 ||    10
       Bread ration      |     1 |       |       ||     1
       Meat ration       |       |     1 |     2 ||     3
       Royal jelly       |       |     1 |       ||     1
       Pizza             |       |       |     1 ||     1
       Beef jerky        |       |       |     1 ||     1
